Map: Odyssey LE

Players

sWp

  • Race: Protoss Protoss
  • League: Diamond
  • Spawn Location: 5:00

Bourbond - Winner!

  • Race: Terran Terran
  • League: Master
  • Spawn Location: 11:00

VOD

Have the link to the VOD?

Description

Time

  • Played on: Dec. 25, 2017, 5:14 a.m.
  • Length: 12:06
Show
View Real Time Build Order
Export as new Build Order

sWp Protoss 

Build Orders: 1 Gate Expand, Blink Stalkers 

Get SALT Encoding   

  12  0:01  Probe  
  13  0:13  Probe  
  14  0:18  Pylon  
  14  0:25  Probe  
  15  0:37  Gateway  
  15  0:38  Probe (Chrono Boost)  
  16  0:48  Assimilator, Probe (Chrono Boost)  
  17  0:53  Probe (Chrono Boost)  
  18  1:04  Probe  
  19  1:16  Probe  
  20  1:26  Nexus  
  20  1:36  Cybernetics Core  
  20  1:39  Probe  
  21  1:45  Assimilator  
  21  1:51  Probe  
  22  1:56  Pylon  
  22  2:03  Probe  
  23  2:11  Stalker (Chrono Boost)  
  23  2:14  Warp Gate  
  25  2:17  Probe  
  26  2:28  Robotics Facility  
  26  2:31  Probe  
  27  2:39  Stalker  
  27  2:42  Probe (Chrono Boost)  
  30  2:45  Probe (Chrono Boost)  
  31  2:54  Probe (Chrono Boost)  
  31  2:57  Probe (Chrono Boost)  
  33  3:01  Twilight Council  
  33  3:03  Probe (Chrono Boost)  
  33  3:04  Probe (Chrono Boost)  
  35  3:13  Probe  
  35  3:16  Probe, Observer  
  38  3:28  Gateway x2  
  38  3:31  Probe x2  
  38  3:36  Blink (Chrono Boost)  
  38  3:38  Assimilator  
  38  3:41  Assimilator  
  38  3:49  Pylon, Probe  
  38  3:50  Probe  
  38  3:53  Observer  
  41  4:01  Probe  
  41  4:02  Probe  
  43  4:12  Shield Battery  
  43  4:14  Shield Battery  
  44  4:19  Probe x2  
  46  4:25  Immortal (Chrono Boost)  
  46  4:30  Stalker  
  46  4:31  Stalker  
  53  4:36  Pylon  
  53  4:38  Probe  
  54  4:53  Pylon  
  54  4:54  Probe x2  
  56  5:00  Immortal  
  60  5:10  Pylon  
  60  5:11  Probe  
  60  5:12  Shield Battery  
  61  5:17  Pylon  
  61  5:18  Probe  
  62  5:27  Gateway  
  62  5:28  Gateway  
  62  5:33  Pylon  
  62  5:35  Probe  
  63  5:46  Forge, Probe  
  63  5:47  Probe  
  63  5:48  Pylon  
  65  5:50  Stalker x2  
  65  5:52  Stalker, Forge  
  71  5:58  Probe  
  71  5:59  Probe  
  70  6:11  Observer  
  70  6:14  Stalker x2  
  70  6:16  Stalker  
  77  6:23  Protoss Ground Weapons Level 1 (Chrono Boost)  
  77  6:25  Protoss Ground Armor Level 1 (Chrono Boost)  
  77  6:30  Nexus  
  77  6:33  Pylon  
  77  6:34  Pylon, Charge  
  77  6:47  Probe x2  
  79  6:52  Immortal  
  81  7:04  Robotics Facility  
  81  7:13  Zealot  
  81  7:14  Zealot x4  
  91  7:20  Templar Archives, Probe x2  
  91  7:21  Pylon  
  93  7:27  Pylon  
  93  7:34  Probe x2  
  93  7:35  Sentry x2  
  93  7:36  Sentry  
  91  7:52  Stalker x2  
  91  7:53  Probe x2 (Chrono Boost)  
  98  8:03  Assimilator, Probe (Chrono Boost)  
  98  8:05  Probe x2 (Chrono Boost)  
  100  8:08  High Templar x2  
  100  8:09  Assimilator  
  100  8:11  Probe (Chrono Boost)  
  105  8:14  Archon  
  105  8:16  Immortal x2, Probe  
  105  8:17  Probe  
  115  8:31  Gateway  
  115  8:32  Gateway  
  105  8:34  Gateway  
  105  8:36  Probe x3  
  105  8:37  Shield Battery  
  105  8:38  Pylon  
  103  8:49  Probe (Chrono Boost)  
  103  8:53  Probe (Chrono Boost)  
  103  8:54  Probe (Chrono Boost)  
  103  8:55  Gateway  
  106  8:58  Gateway  
  106  9:01  Pylon x2  
  107  9:03  Photon Cannon, Pylon, Probe (Chrono Boost)  
  107  9:09  Stalker  
  109  9:12  High Templar x4  
  109  9:16  Archon x2  
  117  9:17  Probe (Chrono Boost)  
  117  9:18  Probe x2 (Chrono Boost)  
  120  9:25  Immortal  
  120  9:30  Probe x3 (Chrono Boost)  
  127  9:39  Protoss Ground Weapons Level 2 (Chrono Boost)  
  127  9:50  Protoss Shields Level 1 (Chrono Boost)  
  127  9:57  Nexus  
  127  10:00  Pylon  
  127  10:04  Pylon  
  127  10:10  Pylon  
  127  10:14  Immortal (Chrono Boost)  
  131  10:15  Immortal (Chrono Boost)  
  131  10:16  Stalker x3  
  141  10:23  Stalker x2  
  145  10:36  Gateway  
  145  10:37  Gateway  
  145  10:43  Pylon  
  145  10:49  Warp Prism (Chrono Boost)  
  145  10:50  Stalker x2  
  145  10:51  Stalker  
  141  11:10  Immortal  
  145  11:17  Immortal  
  149  11:20  Gateway  
  149  11:22  Pylon  
  149  11:23  Pylon  
  149  11:25  Probe x3  
  152  11:40  High Templar x6  
  152  11:41  High Templar  
  152  11:45  Archon x3  
Show
View Real Time Build Order
Export as new Build Order

Bourbond Terran - Winner!

Build Orders: Cyclone Opening, Reaper Expand, Mech 

Get SALT Encoding   

  12  0:00  SCV  
  13  0:13  SCV  
  14  0:17  Supply Depot  
  14  0:24  Refinery  
  14  0:29  SCV  
  15  0:41  SCV  
  16  0:46  Barracks  
  16  0:53  SCV  
  17  1:06  SCV  
  18  1:18  SCV  
  19  1:36  Orbital Command  
  19  1:37  Reaper  
  20  1:50  Command Center  
  20  2:01  Factory  
  20  2:05  SCV  
  21  2:09  Barracks Reactor  
  21  2:17  Refinery  
  21  2:18  SCV  
  22  2:25  Supply Depot  
  22  2:30  SCV  
  23  2:47  SCV  
  24  2:53  Cyclone  
  27  3:01  Cyclone, SCV  
  31  3:06  Orbital Command  
  31  3:14  SCV  
  32  3:26  SCV  
  33  3:31  Cyclone  
  33  3:33  SCV  
  37  3:38  SCV  
  38  3:44  Command Center  
  38  3:45  SCV  
  39  3:48  Cyclone  
  39  3:51  Barracks Tech Lab  
  39  3:52  SCV  
  43  4:00  SCV  
  43  4:01  Supply Depot  
  44  4:04  SCV  
  45  4:11  Engineering Bay  
  45  4:12  SCV  
  46  4:21  Supply Depot  
  46  4:23  SCV  
  47  4:25  SCV  
  47  4:28  Siege Tank  
  51  4:34  Refinery  
  51  4:35  Factory, SCV  
  51  4:36  Refinery  
  51  4:38  Supply Depot  
  52  4:42  SCV  
  53  4:47  SCV  
  53  4:52  Missile Turret  
  54  4:54  SCV  
  54  4:56  Missile Turret  
  55  5:00  Siege Tank  
  55  5:05  SCV  
  59  5:08  Orbital Command  
  59  5:11  SCV  
  60  5:17  SCV  
  61  5:23  SCV  
  62  5:31  SCV  
  62  5:33  Factory, Siege Tank  
  62  5:35  SCV  
  70  5:38  Hellion x2  
  71  5:43  SCV  
  71  5:44  SCV  
  71  5:47  SCV  
  71  5:49  Missile Turret  
  74  5:52  Armory x2, Barracks Tech Lab  
  74  5:54  Factory  
  74  5:59  SCV  
  72  6:05  SCV x2  
  72  6:11  SCV  
  72  6:13  Siege Tank, Hellion x2  
  79  6:22  SCV  
  80  6:26  Factory, SCV  
  80  6:27  SCV  
  82  6:33  Siege Tank  
  82  6:34  Barracks Tech Lab  
  82  6:37  Supply Depot  
  82  6:38  Supply Depot  
  82  6:39  Supply Depot  
  85  6:41  Terran Vehicle Weapons Level 1  
  85  6:42  Hellion  
  85  6:44  Hellion  
  85  7:02  Siege Tank  
  85  7:05  Terran Vehicle And Ship Armor Level 1  
  88  7:08  Supply Depot, SCV  
  88  7:10  Supply Depot  
  88  7:11  Supply Depot  
  88  7:21  Orbital Command  
  88  7:23  Siege Tank x2  
  88  7:24  Hellion x3  
  88  7:29  SCV  
  101  7:34  Hellion  
  103  7:38  Barracks Reactor  
  103  7:40  Infernal Pre-Igniter  
  103  7:43  Command Center  
  103  7:45  Hellion  
  102  7:52  SCV  
  102  7:53  SCV  
  102  7:55  Refinery x2  
  102  7:56  Siege Tank  
  107  8:08  SCV x3  
  110  8:19  Supply Depot  
  110  8:20  Supply Depot, SCV x2  
  110  8:21  Siege Tank x2  
  110  8:22  Hellion  
  110  8:23  Hellion x3  
  110  8:26  SCV  
  127  8:28  Siege Tank  
  127  8:32  SCV x2  
  132  8:44  Hellion x2  
  132  8:48  Starport  
  130  8:51  Terran Vehicle Weapons Level 2  
  130  8:52  Command Center  
  130  8:53  Siege Tank  
  133  9:06  Sensor Tower  
  133  9:09  Sensor Tower  
  133  9:20  Siege Tank x2  
  133  9:21  Hellion x4  
  133  9:22  Refinery  
  147  9:25  Refinery  
  147  9:27  Supply Depot  
  147  9:28  Supply Depot, Terran Vehicle And Ship Armor Level 2  
  147  9:34  Hellion  
  147  9:41  Barracks  
  147  9:42  Hellion  
  147  9:43  Hellion  
  150  9:45  Ghost Academy  
  150  9:46  Hellion x2  
  150  9:52  Siege Tank, Hellion  
  159  9:55  Hellion, Barracks Tech Lab  
  161  10:01  Starport Reactor  
  161  10:04  Hellion  
  161  10:07  Planetary Fortress  
  163  10:10  SCV x3  
  163  10:14  Siege Tank  
  169  10:22  SCV x2  
  169  10:23  SCV, Ghost  
  169  10:27  Siege Tank  
  169  10:28  Siege Tank  
  180  10:30  Hellion x3  
  180  10:31  Hellion  
  180  10:32  Rapid Fire Launchers  
  180  10:33  Smart Servos  
  180  10:34  SCV x2  
  190  10:38  Barracks Tech Lab  
  190  10:46  Siege Tank  
  193  10:52  Liberator, Ghost  
  195  11:00  Hellion x3, Ghost  
  195  11:05  Supply Depot  
  195  11:07  Moebius Reactor  
  195  11:10  SCV  
  199  11:16  Command Center x2  
Tags
 
Add a new tag
Caveats
  • Supply blocks, unpowered buildings, or Contaminate may cause inaccurate times.
  • Supply counts are checked every 10 seconds.